 Dungeon Crawl Stone Soup version 0.30-b1-2-g02819fbbbe (webtiles) character file.

Game seed: 3388034118280012446

204738 MackTheKnife the Black Belt (level 18, -10/152 (157) HPs)
             Began as a Demonspawn Monk on May 8, 2023.
             Killed from afar by a deep elf sorcerer (44 damage)
             ... with damnation
             ... on level 3 of the Elven Halls.
             The game lasted 01:00:22 (43290 turns).

MackTheKnife the Black Belt (Demonspawn Monk)      Turns: 43290, Time: 01:00:23

HP:   -10/152 (157) AC: 19    Str: 16    XL:     18   Next: 2%
MP:   0/18          EV: 17    Int:  7    God:
Gold: 2305          SH: 16    Dex: 19    Spells: 17/17 levels left

rFire   + +          +
                       - Unarmed
rCold   + . .        U - +2 kite shield {AC+3}
rNeg    . . .        O - +0 ice dragon scales
rPois   +            f - +2 helmet
rElec   +            g - +2 cloak {Will+}
rCorr   .            m - +2 pair of gloves
SInv    +            X - +0 pair of boots {rampage}
Will    +++..        Y - amulet of Wishful Thinking {Spirit Harm rPois rF++ rC-} Stlth
                     W - ring of willpower
HPRegen 0.45/turn    z - ring "Wionk" {Drain rElec rF+++ Int-5 SInv}
MPRegen 0.16/turn

%: harm (+30% outgoing, +20% incoming), clarity, guardian spirit, rampage
@: mighty, about to teleport, corroded, lightly drained
A: repulsion field 2, ignite blood 1, powered by pain 3, weakness stinger 2,
clarity, robust 1
}: 1/15 runes: decaying
a: no special abilities


You were on level 3 of the Elven Halls.
You visited 8 branches of the dungeon, and saw 33 of its levels.
You visited 1 bazaar.
You also visited: Ossuary.

You collected 3341 gold pieces.
You spent 1036 gold pieces at shops.


Innate Abilities, Weirdness & Mutations

You are surrounded by a moderate repulsion field. (EV +3)
Your demonic aura sometimes causes spilled blood to erupt in flames.
You are powered by pain.
You have a tail ending in a sharp stinger.
You possess an exceptional clarity of mind.
You are robust. (+10% HP)


   Skills:
 - Level 13.1 Fighting
 - Level 9.1 Armour
 - Level 10.0 Dodging
 - Level 14.0 Shields
 + Level 20.2 Unarmed Combat
 - Level 8.0 Evocations


You had 17 spell levels left.
You didn't know any spells.
Your spell library contained the following spells:

 Spells                   Type           Power      Damage    Failure   Level
 Apportation              Tloc           0%         N/A       97%         1
 Magic Dart               Conj           0%         1d3       97%         1
 Necrotise                Necr           0%         1d4       97%         1
 Summon Small Mammal      Summ           0%         N/A       97%         1
 Cigotuvi's Dreadful Rot  Necr/Pois/Air  0%         N/A       99%         2
 Searing Ray              Conj           0%         2d4       99%         2
 Static Discharge         Conj/Air       0%         2-2/arc   99%         2
 Sublimation of Blood     Necr           0%         N/A       99%         2
 Wereblood                Tmut           0%         N/A       99%         2
 Call Canine Familiar     Summ           0%         N/A       100%        3
 Gell's Gravitas          Tloc           0%         N/A       100%        3
 Portal Projectile        Hex/Tloc       0%         N/A       100%        3
 Summon Guardian Golem    Hex/Summ       0%         N/A       100%        3
 Teleport Other           Tloc           0%         N/A       100%        3
 Tukima's Dance           Hex            0%         N/A       100%        3
 Vampiric Draining        Necr           0%         2d6       100%        3
 Volatile Blastmotes      Fire/Tloc      0%         2d10      100%        3
 Airstrike                Air            0%         2d(0-16)  100%        4
 Anguish                  Hex/Necr       0%         N/A       100%        4
 Animate Dead             Necr           0%         N/A       100%        4
 Cause Fear               Hex            0%         N/A       100%        4
 Fulminant Prism          Conj/Hex       0%         3d5       100%        4
 Leda's Liquefaction      Hex/Erth       0%         N/A       100%        4
 Passage of Golubria      Tloc           0%         N/A       100%        4
 Petrify                  Tmut/Erth      0%         N/A       100%        4
 Summon Lightning Spire   Summ/Air       0%         N/A       100%        4
 Agony                    Necr           0%         N/A       100%        5
 Metabolic Englaciation   Hex/Ice        0%         N/A       100%        5
 Yara's Violent Unravell  Hex/Tmut       0%         3d3       100%        5
 Dispersal                Tloc           0%         N/A       100%        6
 Statue Form              Tmut/Erth      0%         N/A       100%        6
 Enfeeble                 Hex            0%         N/A       100%        7
 Summon Hydra             Summ           0%         N/A       100%        7

Inventory:

Armour
 f - a +2 helmet (worn)
   (You found it on level 1 of the Dungeon)
 g - a +2 cloak of willpower (worn)
   (You took it off Crazy Yiuf on level 5 of the Dungeon)
 m - a +2 pair of gloves (worn)
   (You found it on level 5 of the Dungeon)
 O - +0 ice dragon scales (worn)
   (You found it on level 15 of the Dungeon)
 U - a +2 kite shield of protection (worn)
   (You took it off a tengu warrior on level 14 of the Dungeon)
 X - a +0 pair of boots of rampaging (worn)
   (You bought it in a shop in a bazaar)
Magical Staves
 x - a staff of air {!astaff}
   (You found it on level 3 of the Elven Halls)
Jewellery
 q - the ring of the Oracle {Fly rPois}
   (You found it on level 8 of the Dungeon)

   [ring of flight]

   rPois:     It protects you from poison.
   Fly:       It grants you flight.
 z - the ring "Wionk" (right hand) {Drain rElec rF+++ Int-5 SInv}
   (You acquired it on level 15 of the Dungeon)

   [ring of see invisible]

   Int:       It affects your intelligence (-5).
   rF:        It renders you almost immune to fire.
   rElec:     It insulates you from electricity.
   SInv:      It lets you see invisible.
   Drain:     It drains your maximum health when unequipped.
 F - an amulet of reflection
   (You found it on level 5 of the Dungeon)
 K - the ring "Bozilitowo" {EV+5 Dex+3}
   (You found it on level 3 of the Swamp)

   [ring of evasion]

   EV:        It affects your evasion (+5).
   Dex:       It affects your dexterity (+3).
 W - a ring of willpower (left hand)
   (You found it on level 4 of the Swamp)
 Y - the amulet of Wishful Thinking (around neck) {Spirit Harm rPois rF++ rC-}
   (You bought it in a shop on level 2 of the Elven Halls)

   [amulet of guardian spirit]

   It causes incoming damage to be divided between your reserves of health and
   magic.
   rF:        It greatly protects you from fire.
   rC:        It makes you vulnerable to cold.
   rPois:     It protects you from poison.
   Harm:      It increases damage dealt and taken.
Wands
 c - a wand of flame (99)
   (You found it on level 1 of the Lair of Beasts)
 k - a wand of roots (4)
   (You found it on level 3 of the Swamp)
 r - a wand of digging (9)
   (You found it on level 1 of the Swamp)
 v - a wand of acid (22)
   (You found it on level 3 of the Dungeon)
 B - a wand of polymorph (17)
   (You found it on level 5 of the Dungeon)
 M - a wand of mindburst (15)
   (You found it on level 2 of the Lair of Beasts)
 V - a wand of charming (2)
   (You found it on level 11 of the Dungeon)
Scrolls
 d - 6 scrolls of fog
 i - 2 scrolls of magic mapping {!r}
 j - 8 scrolls of poison {!r}
 n - 2 scrolls of silence {!r}
 s - a scroll of teleportation {@r4}
 t - 8 scrolls of identify {@r1}
 A - 3 scrolls of vulnerability {!r!r}
 D - 5 scrolls of immolation {!r!r}
 I - 2 scrolls of enchant weapon
 L - 2 scrolls of butterflies
 Q - 5 scrolls of fear
 Z - a scroll of acquirement
Potions
 a - 6 potions of haste {@q3}
 b - 3 potions of ambrosia
 e - 4 potions of might
 h - 5 potions of cancellation
 l - 22 potions of curing {@q1}
 o - 4 potions of lignification {!q}
 p - 6 potions of mutation {!q}
 u - 3 potions of magic
 w - 4 potions of resistance
 C - 6 potions of brilliance
 E - 2 potions of berserk rage {!q}
 G - 4 potions of flight
 H - 4 potions of attraction {!q}
 J - 6 potions of heal wounds {@q2}
 N - a potion of invisibility
Miscellaneous
 P - a lightning rod (4/4)
   (You found it on level 1 of the Spider Nest)
 R - a box of beasts (inert)
   (You found it on level 5 of the Lair of Beasts)
 S - a condenser vane (inert)
   (You found it on level 1 of the Orcish Mines)
 T - a phial of floods
   (You found it on level 10 of the Dungeon)

Dungeon Overview and Level Annotations

Branches:
Dungeon (15/15) Zot: 24752  Temple (1/1) D:4 Zot: 5947    Lair (5/5) D:8 Zot: 20961
  Swamp (4/4) Lair:2 Zot: 18898  Spider (1/4) Lair:2 Zot: 4359   Slime (2/5) Lair:4 Zot: 11806
    Orc (2/2) D:9 Zot: 9284     Elf (3/3) Orc:2 Zot: 13440  Vaults (0/5) D:13
 Depths (0/4) D:15        Ossuary (visited)

Altars:
Ashenzari
Cheibriados
Dithmenos
Fedhas
Gozag
Hepliaklqana
Kikubaaqudgha
Makhleb
Nemelex Xobeh
Okawaru
Qazlal
Ru
Sif Muna
Trog
Uskayaw
Vehumet
Wu Jian
Xom
Yredelemnul
Lugonu

Shops:
Orc:2 :!?!   Elf:2 ?*:

Portals:
Trove: Elf:2 (show abyssal rune of Zot)

Annotations:
D:3 exclusion: 2 goblins
D:5 3 runed translucent doors, sentinel's ghost, weakling SpDe
D:7 1 runed translucent door, MrCrawl's ghost, novice DsNe
D:14 6 transporters
Spider:1 2 transporters, exclusion: oklob plant, Feguytzu's ghost, journeyman GrMo; t4s4d4r's ghost, adept TrFi
Elf:2 3 runed translucent doors

|/.:)::##e...##...#...#
/:.[[|/##...##....#.#.#
||[⌠|:|.#..#......#...#
)[/..))##........##.#.#
)|))::)#,...##...#....#
#/)[):##........##....#
###.###...*#e...#....##
..###....##..,,##....#
............e,##@....#
#...8)..8..,**#..##.##
###......,###...)#..#
..####)####........##
)))........e......##
..)8).8..8......###
..........e..####
##############


You could see a deep elf sorcerer (fast, empowered) and a deep elf high priest
(brilliance aura).


Message History

You barely miss the deep elf sorcerer.
The deep elf high priest utters an invocation to its god.
The deep elf high priest begins emitting a brilliant aura!
The deep elf sorcerer is empowered by the deep elf high priest's aura!
The deep elf sorcerer is engulfed in blazing flames.
You block the deep elf sorcerer's attack. 😕 HP[+1] MP[+1]
You barely miss the deep elf sorcerer.
Your tail-slap misses the deep elf sorcerer.
The deep elf sorcerer is engulfed in blazing flames.
You block the deep elf sorcerer's attack.
The deep elf high priest unwields a +0 shortbow.
The deep elf high priest wields a +1 morningstar of draining.
You sense an unholy aura.
The deep elf high priest completely misses you.
You completely miss the deep elf sorcerer.
The deep elf sorcerer casts a spell at you.
The bolt of acid hits you!!! The acid corrodes you! 😮 HP[-39] MP[-5]
You take 39 damage, and now have 94/157 hp.
MASSIVE DAMAGE!! (PAUSE)
You lost 5 mp, and now have 11/18 mp.
You punch the deep elf sorcerer!
Your tail-slap misses the deep elf sorcerer.
The deep elf sorcerer gestures at you while chanting.
The bolt of acid hits you!!
* * * LOW HITPOINT WARNING * * *
You focus on the pain.
You feel very mighty all of a sudden. The acid corrodes you!
The deep elf high priest utters a dark prayer and points at you.
Your life force is offered up.
* * * LOW HITPOINT WARNING * * *
The deep elf sorcerer is healed. 😨 HP[-39] MP[-5]
You take 39 damage, and now have 55/157 hp.
MASSIVE DAMAGE!! (PAUSE)
You lost 5 mp, and now have 6/18 mp.
You punch the deep elf sorcerer! You tail-slap the deep elf sorcerer.
You block the deep elf sorcerer's attack.
The deep elf high priest barely misses you.
Unknown command.
You hit the deep elf sorcerer but do no damage.
Your tail-slap misses the deep elf sorcerer.
The deep elf sorcerer hits you with a +4 morningstar of draining!
* * * LOW HITPOINT WARNING * * *
You feel drained.
* * * LOW HITPOINT WARNING * * *
😱 HP[-18] MP[-3]
You now have 153 max hp (-4).
You take 18 damage, and now have 37/153 hp.
You lost 3 mp, and now have 3/18 mp.
You completely miss the deep elf sorcerer.
The deep elf sorcerer barely misses you.
You block the deep elf high priest's attack. 😱 HP[+1] Unknown command.
You closely miss the deep elf sorcerer.
The deep elf sorcerer closely misses you.
You block the deep elf high priest's attack.
Unknown command.
You hit the deep elf sorcerer but do no damage.
Your tail-slap misses the deep elf sorcerer.
The deep elf sorcerer hits you but does no damage.
You feel drained. 😱 MP[+1]
You now have 152 max hp (-1).
Really read
y - a scroll of blinking {!r}?
Blink to where?
Press: ? - help, Dir - move target
As you read the scroll of blinking {!r}, it crumbles to dust.
The deep elf sorcerer howls an incantation.
You feel troubled. 😨 HP[+1]
As you read the scroll of teleportation {@r4}, it crumbles to dust.
You feel strangely unstable.
Unknown command.
Unknown command.
Okay, then.
Unknown command.
The deep elf sorcerer points at you and mumbles some strange words.
The sphere of damnation explodes!
The damnation engulfs you!!
* * * LOW HITPOINT WARNING * * *
You focus on the pain.
You feel mightier all of a sudden.
You hear a shout! 😱 HP[-31] MP[-4]
You take 31 damage, and now have 8/152 hp.
MASSIVE DAMAGE!! (PAUSE)
You lost 4 mp, and now have 0/18 mp.
You feel much better.
The deep elf high priest unwields a +1 morningstar of draining.
The deep elf high priest wields a +0 shortbow.
The deep elf high priest shoots an arrow.
You block the arrow.
The deep elf sorcerer howls an incantation.
The deep elf sorcerer's hands start to glow.
The deep elf sorcerer gestures at you while chanting.
The sphere of damnation explodes!
The damnation engulfs you!!!
You die...

Skill      XL: |  1  2  3  4  5  6  7  8  9 10 11 12 13 14 15 16 17 |
---------------+----------------------------------------------------+-----
Unarmed Combat | 3 4 5 9 12 13 15 17 20 | 20.2
Fighting       | 4 5 6 7 10 12 13 | 13.1
Armour         | 2 4 6 7 9 |  9.1
Dodging        | 4 5 7 10 | 10.0
Shields        | 3 5 12 14 | 14.0
Evocations     | 8 |  8.0

Action                     |  1- 3 |  4- 6 |  7- 9 | 10-12 | 13-15 | 16-18 || total
---------------------------+-------+-------+-------+-------+-------+-------++-------
  Melee: Unarmed           |   119 |    10 |       |   911 |  1784 |  1405 ||  4229
         Tailslap          |    15 |    16 |    69 |   205 |   374 |   271 ||   950
         Short sword       |       |    85 |   329 |    18 |       |       ||   432
         Punch             |       |       |       |    80 |       |       ||    80
  Evoke: Wand              |       |       |     3 |     2 |     9 |     5 ||    19
         Box of beasts     |       |       |       |       |     4 |     3 ||     7
         Condenser vane    |       |       |       |       |     3 |     2 ||     5
         Phial of floods   |       |       |       |       |     2 |     1 ||     3
    Use: Scroll            |       |       |    11 |    15 |     7 |    15 ||    48
         Potion            |       |       |       |       |     4 |     7 ||    11
   Stab: Distracted        |       |     1 |     7 |       |     2 |       ||    10
         Confused          |       |       |       |       |     1 |     1 ||     2
 Armour: Robe              |    33 |       |       |       |       |       ||    33
         Scale mail        |    14 |    41 |   125 |   339 |   293 |       ||   812
         Chain mail        |       |       |       |       |    30 |       ||    30
         Ice dragon scales |       |       |       |       |   105 |   462 ||   567
  Dodge: Dodged            |    58 |    52 |   189 |   560 |   790 |   675 ||  2324
  Block: Orb               |       |       |    54 |     4 |       |       ||    58
         Reflection        |       |       |     2 |     2 |    30 |    11 ||    45
         Other             |       |       |       |   184 |       |       ||   184
         Buckler           |       |       |       |     7 |   473 |       ||   480
         Kite shield       |       |       |       |       |   479 |  1305 ||  1784

Levels and vault maps discovered:
D:1:      lemuel_arrival_river_ford, layout_basic
D:2:      layout_basic, basic_altar
D:3:      wander_river, layout_basic, kennysheep_okawaru_gauntlet
D:4:      layout_basic, mainiacjoe_overflow_catwalk,
          nicolae_hepliaklqana_hazy_memory, makhleb_altar_promises_db,
          minmay_temple_entry_statues_fountains
D:5:      layout_basic, ebering_ghost_gozag, enter_ossuary_4, uniq_sigmund,
          uniq_crazy_yiuf_cottage
D:6:      layout_gridville, lemuel_crystal_altar,
          nicolae_qazlal_beasts_of_the_sky, nicolae_half_adder, uniq_menkaure
D:7:      layout_rooms, elyvilon_altar_4, grunt_gozag_statues,
          ebering_ghost_reflecting_pool
D:8:      layout_loops_ring, grunt_temple_overflow_open,
          minmay_lair_entry_grove, kennysheep_another_room, uniq_grum
D:9:      layout_rooms, david_orc_4, minmay_puff
D:10:     layout_stronghold, minivault_11, chequers_jeans
D:11:     layout_irregular_city
D:12:     layout_rooms, serial_glass, glass_columns_b, glass_columns_c,
          serial_bayou_crossing
D:13:     layout_roguey, david_vaults_4
D:14:     layout_stronghold, dk_noncrumbling_4, serial_nicolae_subway,
          nicolae_sub_station_metal, nicolae_sub_station_stone,
          nicolae_sub_station_crystal, uniq_azrael
D:15:     grunt_enter_depths_hoard, layout_basic, minmay_misc_feat_chi,
          minmay_diamond_spiral, uniq_agnes
Temple:   corrupted_temple
Lair:1:   beast_lair_carwin_large_4, layout_concentric_octagons,
          enter_volcano_2, infiniplex_staircase_pool, serial_bayou_shore_b
Lair:2:   layout_cave_pods, minmay_swamp_entry_swarm,
          nicolae_spider_entry_orb_guardian, serial_bayou, serial_bayou_pond_d,
          serial_bayou_lagoon_a, serial_bayou_pond_d, serial_bayou_pond_a,
          serial_bayou_shore_b
Lair:3:   layout_long_grid, hibernation_bobbens
Lair:4:   layout_layer_cave, slime_entry_1, basic_altar, st_stairs_3
Lair:5:   minmay_lair_end_frog_pond, layout_cellular_growth
Swamp:1:  layout_basic_swamp, nicolae_swamp_little_tower
Swamp:2:  layout_falls_marsh, nicolae_swamp_well_well_well, swamp_pool1
Swamp:3:  layout_basic_swamp, evilmike_swamp_ruin_rubble_2
Swamp:4:  swamp_fiery, layout_basic_swamp, swamp_pool4
Spider:1: layout_spider_delve, nzn_ghost_randoct, uniq_frances
Slime:1:  layout_caves
Slime:2:  layout_caves, uniq_dissolution
Orc:1:    layout_diamond_mine, ebering_ghost_rock_garden
Orc:2:    st_orc_elflike, layout_diamond_mine
Elf:1:    eino_elf_arrival_customs, layout_geoelf_diagonals, basic_altar,
          minmay_elf_necromancy, minmay_crystal_room
Elf:2:    nicolae_elf_blades_crystal_corner, layout_gridlike, enter_trove_2,
          serial_shops, shop, minmay_shop_star
Elf:3:    minmay_elf_hall_statues, layout_geoelf_octagon, serial_shops,
          bzr_entry_islet, grunt_megastairs_4, uniq_donald

Notes
Turn   | Place    | Note
-------+----------+-------------------------------------------
     0 | D:1      | MackTheKnife the Demonspawn Monk began the quest for the
                  | Orb.
     0 | D:1      | Reached XP level 1. HP: 18/18 MP: 1/1
     0 | D:1      | magus.rc [v1.9.6]
   157 | D:1      | Reached skill level 3 in Unarmed Combat
   206 | D:1      | Gained mutation: You have a small tail. [demonic ancestry]
   206 | D:1      | Reached XP level 2. HP: 20/24 MP: 2/2
   645 | D:1      | Reached XP level 3. HP: 24/29 MP: 1/3
   854 | D:2      | Reached skill level 4 in Unarmed Combat
  1283 | D:2      | Found a shadowy altar of Dithmenos.
  1403 | D:2      | Gained mutation: You have a tail ending in a sharp stinger.
                  | [demonic ancestry]
  1403 | D:2      | Reached XP level 4. HP: 35/35 MP: 4/4
  1671 | D:3      | Noticed a black bear
  1701 | D:3      | Identified the +4 short sword of Reinforcement {spect,
                  | Fragile rElec Will+ SInv}
  1707 | D:3      | Noticed a scorpion
  1713 | D:3      | Killed a black bear
  1714 | D:3      | Reached skill level 4 in Fighting
  1714 | D:3      | Reached XP level 5. HP: 40/43 MP: 5/5
  1717 | D:3      | Reached skill level 5 in Fighting
  1746 | D:3      | You pick up a book of the Hunter and begin reading...
  1746 | D:3      | You add the spells Call Canine Familiar, Portal Projectile
                  | and Leda's Liquefaction to your library.
  2246 | D:3      | Found an iron altar of Okawaru.
  2552 | D:4      | Gained mutation: You are surrounded by a mild repulsion
                  | field. (EV +2) [demonic ancestry]
  2552 | D:4      | Reached XP level 6. HP: 51/51 MP: 6/6
  2716 | D:4      | Found a hazy altar of Hepliaklqana.
  3020 | D:4      | Found a hide-covered altar of Uskayaw.
  3150 | D:4      | Found a staircase to the Ecumenical Temple.
  3201 | Temple   | Entered the Ecumenical Temple
  3337 | D:4      | Found a burning altar of Makhleb.
  3337 | D:4      | Noticed a balrug
  3475 | D:5      | Entered Level 5 of the Dungeon
  3532 | D:5      | Reached skill level 6 in Fighting
  3680 | D:5      | Reached XP level 7. HP: 25/59 MP: 3/7
  3813 | D:5      | Found a runed translucent door.
  3814 | D:5      | Noticed Crazy Yiuf
  3832 | D:5      | Noticed Sigmund
  3847 | D:5      | Killed Sigmund
  3848 | D:5      | Reached skill level 7 in Fighting
  4006 | D:5      | Found a sand-covered staircase.
  4014 | Ossuary  | Entered an ossuary
  4051 | Ossuary  | Reached skill level 1 in Armour
  4051 | Ossuary  | Reached skill level 3 in Dodging
  4352 | D:5      | Reached skill level 2 in Armour
  4399 | D:5      | You pick up a book of Sloth and begin reading...
  4399 | D:5      | You add the spells Petrify, Metabolic Englaciation and
                  | Statue Form to your library.
  4515 | D:5      | Reached skill level 4 in Dodging
  4515 | D:5      | Gained mutation: You sometimes gain a little power by
                  | taking damage. [demonic ancestry]
  4515 | D:5      | Reached XP level 8. HP: 30/67 MP: 2/8
  4692 | D:5      | Reached skill level 3 in Armour
  4729 | D:5      | Found a runed translucent gate.
  4729 | D:5      | Found a runed translucent gate.
  4730 | D:5      | Found a runed translucent gate.
  4731 | D:5      | Found an opulent altar of Gozag.
  4739 | D:5      | Noticed sentinel's ghost (weakling SpDe)
  5051 | D:5      | Killed Crazy Yiuf
  5380 | D:6      | Noticed Menkaure
  5388 | D:6      | Killed Menkaure
  5502 | D:6      | Reached skill level 4 in Armour
  5502 | D:6      | Reached skill level 5 in Dodging
  5552 | D:6      | Found a shimmering blue altar of Sif Muna.
  5760 | D:6      | You pick up a book of Blood and begin reading...
  5760 | D:6      | You add the spells Sublimation of Blood, Wereblood and
                  | Summon Hydra to your library.
  5765 | D:6      | Found a stormy altar of Qazlal.
  5823 | D:6      | You pick up a book of Hexes and begin reading...
  5823 | D:6      | You add the spells Anguish, Cause Fear and Enfeeble to your
                  | library.
  5961 | D:6      | You pick up a book of Callings and begin reading...
  5961 | D:6      | You add the spells Summon Small Mammal and Summon Guardian
                  | Golem to your library.
  6000 | D:6      | Reached skill level 5 in Unarmed Combat
  6134 | D:6      | You pick up a book of Necromancy and begin reading...
  6134 | D:6      | You add the spells Necrotise, Vampiric Draining and Agony
                  | to your library.
  6506 | D:7      | Reached XP level 9. HP: 72/72 MP: 9/9
  6604 | D:7      | Reached skill level 6 in Unarmed Combat
  6841 | D:7      | Found an opulent altar of Gozag.
  7082 | D:7      | Reached skill level 7 in Unarmed Combat
  7192 | D:7      | Found a runed translucent door.
  7194 | D:7      | Noticed MrCrawl's ghost (novice DsNe)
  7239 | D:8      | Noticed Grum
  7258 | D:8      | Killed Grum
  7336 | D:8      | Reached skill level 8 in Unarmed Combat
  7467 | D:8      | Identified the ring of the Oracle {Fly rPois}
  7757 | D:8      | Reached skill level 9 in Unarmed Combat
  7781 | D:8      | Reached XP level 10. HP: 45/79 MP: 10/10
  7787 | D:8      | Reached skill level 10 in Unarmed Combat
  7947 | D:8      | Found a staircase to the Lair.
  8171 | D:8      | Found an ornate altar of the Wu Jian Council.
  8172 | D:8      | Found a shadowy altar of Dithmenos.
  8174 | D:8      | Found a bloodstained altar of Trog.
  8176 | D:8      | Found a basalt altar of Yredelemnul.
  8177 | D:8      | Found an ancient bone altar of Kikubaaqudgha.
  8367 | Lair:1   | Entered Level 1 of the Lair of Beasts
  8367 | Lair:1   | Noticed a cane toad
  8565 | D:8      | Reached skill level 11 in Unarmed Combat
  8821 | D:9      | Reached skill level 12 in Unarmed Combat
  9446 | D:9      | Found a staircase to the Orcish Mines.
  9555 | D:9      | Noticed a cyclops
  9599 | D:10     | Entered Level 10 of the Dungeon
  9624 | D:10     | Gained mutation: You are surrounded by a moderate repulsion
                  | field. (EV +3) [demonic ancestry]
  9624 | D:10     | Reached XP level 11. HP: 70/84 MP: 11/11
  9885 | D:10     | Reached skill level 13 in Unarmed Combat
 10173 | D:10     | You pick up a book of Storms and begin reading...
 10173 | D:10     | You add the spells Static Discharge, Airstrike and Summon
                  | Lightning Spire to your library.
 10229 | D:10     | Noticed a boulder beetle
 10522 | D:8      | Reached skill level 6 in Dodging
 10675 | Lair:1   | Reached skill level 8 in Fighting
 11215 | Lair:1   | Reached skill level 7 in Dodging
 11344 | Lair:1   | Reached skill level 9 in Fighting
 11347 | Lair:1   | Reached skill level 5 in Armour
 12163 | Lair:1   | Reached skill level 6 in Armour
 12580 | Lair:2   | Found a staircase to the Swamp.
 12591 | Lair:2   | Reached skill level 10 in Fighting
 12624 | Lair:2   | Gained mutation: You sometimes gain power by taking damage.
                  | [demonic ancestry]
 12624 | Lair:2   | Reached XP level 12. HP: 95/98 MP: 12/12
 12852 | Lair:2   | Reached skill level 11 in Fighting
 13172 | Lair:2   | Found a hole to the Spider Nest.
 13746 | Lair:2   | Reached skill level 12 in Fighting
 14269 | Lair:3   | Noticed a four-headed hydra
 14285 | Lair:3   | Killed a four-headed hydra
 14286 | Lair:3   | Reached skill level 8 in Dodging
 14475 | Lair:3   | Noticed a seven-headed hydra
 14483 | Lair:3   | Killed a seven-headed hydra
 15214 | Lair:4   | Reached skill level 9 in Dodging
 15448 | Lair:4   | Noticed a six-headed hydra
 15456 | Lair:4   | Killed a six-headed hydra
 15559 | Lair:4   | Reached skill level 10 in Dodging
 15559 | Lair:4   | Reached skill level 1 in Shields
 15748 | Lair:4   | Found a staircase to the Slime Pits.
 15768 | Lair:4   | Found an iron altar of Okawaru.
 15777 | Slime:1  | Entered Level 1 of the Pits of Slime
 15778 | Slime:1  | Noticed an azure jelly
 16005 | Lair:4   | Reached skill level 2 in Shields
 16256 | Lair:4   | Reached skill level 3 in Shields
 16471 | Lair:4   | Gained mutation: You are powered by pain. [demonic
                  | ancestry]
 16471 | Lair:4   | Reached XP level 13. HP: 74/108 MP: 13/13
 16527 | Lair:4   | Reached skill level 4 in Shields
 16875 | Lair:5   | Entered Level 5 of the Lair of Beasts
 16904 | Lair:5   | Reached skill level 5 in Shields
 17615 | Lair:5   | Reached skill level 14 in Unarmed Combat
 18376 | Lair:5   | Identified the +7 hand axe "Onner" {elec, Stlth+}
 18532 | Lair:5   | Reached skill level 15 in Unarmed Combat
 18899 | Orc:1    | Entered Level 1 of the Orcish Mines
 18943 | Orc:1    | Noticed an orc warlord
 19099 | D:9      | Killed an orc warlord
 19100 | D:9      | HP: 37/162 [poisoned by an orc warlord]
 19103 | D:9      | HP: 17/108 [poisoned by an orc warlord]
 19740 | Orc:1    | Found a runed translucent gate.
 19740 | Orc:1    | Found a runed translucent gate.
 19740 | Orc:1    | Found a runed translucent gate.
 19740 | Orc:1    | Noticed p0werm0de's ghost (journeyman MiFi)
 20015 | Orc:2    | Entered Level 2 of the Orcish Mines
 20147 | Orc:2    | Found a staircase to the Elven Halls.
 20298 | Orc:2    | Found Diklug's Distillery.
 20365 | Orc:1    | Reached skill level 7 in Armour
 20812 | Orc:2    | Reached XP level 14. HP: 77/115 MP: 14/14
 20976 | Orc:2    | Paralysed by an orc sorcerer for 5 turns
 21029 | Orc:2    | Reached skill level 8 in Armour
 21806 | Orc:2    | Paralysed by an orc sorcerer for 3 turns
 21811 | Orc:2    | Reached skill level 9 in Armour
 21823 | Orc:2    | Found Nooring's Book Emporium.
 21824 | Orc:2    | Found Meckaeq's Magic Scroll Shop.
 21847 | Orc:2    | Found Dycrirchy's Distillery.
 21863 | Orc:2    | Bought 2 potions of mutation for 272 gold pieces
 21863 | Orc:2    | Bought a potion of haste for 170 gold pieces
 21863 | Orc:2    | Bought a potion of might for 68 gold pieces
 21863 | Orc:2    | Bought a potion of might for 68 gold pieces
 22008 | Orc:1    | Gained mutation: Your spells are a little harder to cast,
                  | but a little more powerful. [potion of mutation]
 22009 | Orc:1    | Lost mutation: Your spells are a little harder to cast, but
                  | a little more powerful. [potion of mutation]
 22009 | Orc:1    | Gained mutation: You possess an exceptional clarity of
                  | mind. [potion of mutation]
 22009 | Orc:1    | Gained mutation: You are robust. (+10% HP) [potion of
                  | mutation]
 22451 | Orc:1    | Killed p0werm0de's ghost
 23303 | D:11     | You are sucked into a shaft and drop 1 floor!
 23332 | D:12     | Reached skill level 13 in Fighting
 23766 | D:11     | Reached skill level 1 in Evocations
 23964 | D:11     | Reached skill level 2 in Evocations
 24330 | D:11     | Identified the +1 ring mail of Slovenliness {Str-5 Int+2
                  | Slay+2}
 24382 | D:11     | Reached skill level 3 in Evocations
 24862 | D:12     | Reached skill level 4 in Evocations
 25166 | D:13     | Reached skill level 5 in Evocations
 25393 | D:13     | Reached skill level 6 in Evocations
 25846 | D:12     | Reached skill level 7 in Evocations
 26405 | D:13     | Reached skill level 8 in Evocations
 26469 | D:13     | Gained mutation: Your demonic aura sometimes causes spilled
                  | blood to erupt in flames. [demonic ancestry]
 26469 | D:13     | Reached XP level 15. HP: 75/135 MP: 15/15
 26506 | D:13     | Reached skill level 6 in Shields
 26782 | D:13     | Found a gate to the Vaults.
 27166 | D:14     | You pick up a book of Cantrips and begin reading...
 27192 | D:14     | Found a transporter.
 27199 | D:14     | Found a transporter.
 27317 | D:14     | Noticed Azrael
 27370 | D:14     | Killed Azrael
 27371 | D:14     | Reached skill level 7 in Shields
 27567 | D:14     | Found a transporter.
 27568 | D:14     | Found a transporter.
 27624 | D:14     | Found a transporter.
 27628 | D:14     | Found a transporter.
 27937 | D:15     | Entered Level 15 of the Dungeon
 28057 | D:15     | Identified a scroll of acquirement
 28058 | D:15     | Acquired the ring "Wionk" {Drain rElec rF+++ Int-5 SInv}
 28192 | D:15     | Noticed a storm dragon
 28195 | D:15     | Noticed a fire giant
 28332 | D:15     | Noticed a fire giant
 28352 | D:15     | Killed a fire giant
 28353 | D:15     | Reached skill level 8 in Shields
 28427 | D:15     | Identified the +0 cloak of the Vaults {Int+5}
 28429 | D:15     | Identified the +5 trident of Subjectivity {heavy, rPois}
 28680 | D:15     | Noticed Agnes
 28695 | D:15     | Killed Agnes
 28829 | D:15     | Reached skill level 9 in Shields
 29205 | D:15     | Killed a fire giant
 29465 | D:15     | Killed a storm dragon
 29466 | D:15     | Reached skill level 10 in Shields
 29467 | D:15     | +0 storm dragon scales {rare}; a storm dragon corpse
 29467 | D:15     | N - +0 storm dragon scales {rare}
 29490 | D:15     | You pick up a book of Hexes and begin reading...
 29492 | D:15     | Got the Catalogue of Fiery Topography
 29956 | D:15     | You drop +0 storm dragon scales {rare}.
 29968 | D:15     | Found a staircase to the Depths.
 30306 | Lair:4   | Killed an azure jelly
 30500 | Slime:2  | Noticed an azure jelly
 30616 | Swamp:1  | Entered Level 1 of the Swamp
 30629 | Swamp:1  | Reached skill level 11 in Shields
 31716 | Swamp:2  | Reached skill level 12 in Shields
 31897 | Swamp:1  | Reached XP level 16. HP: 61/143 MP: 16/16
 32237 | Swamp:2  | Noticed a tentacled monstrosity
 32262 | Swamp:2  | Killed a tentacled monstrosity
 32869 | Swamp:3  | Reached skill level 13 in Shields
 33252 | Swamp:3  | Identified the ring "Bozilitowo" {EV+5 Dex+3}
 33802 | Swamp:4  | Entered Level 4 of the Swamp
 33985 | Swamp:4  | Reached skill level 14 in Shields
 34524 | Swamp:4  | Reached skill level 16 in Unarmed Combat
 34577 | Swamp:4  | Got a decaying rune of Zot
 36229 | Spider:1 | Entered Level 1 of the Spider Nest
 36494 | Spider:1 | HP: 34/143 [poisoned by a redback]
 36499 | Lair:2   | HP: 29/143 [poisoned by a redback]
 36902 | Spider:1 | Reached skill level 17 in Unarmed Combat
 37064 | Spider:1 | HP: 32/143 [meliai/divine providence (16)]
 37065 | Spider:1 | HP: 9/143 [meliai/+0 hand axe (8)]
 37070 | Spider:1 | HP: 5/143 [poisoned by a meliai]
 37089 | Spider:1 | Noticed Frances
 37404 | Spider:1 | Noticed t4s4d4r's ghost (adept TrFi)
 37413 | Spider:1 | Noticed Feguytzu's ghost (journeyman GrMo)
 37424 | Spider:1 | Found a transporter.
 37507 | Spider:1 | Found a transporter.
 37664 | Spider:1 | Killed Frances
 37735 | Spider:1 | You add the spells Tukima's Dance, Passage of Golubria and
                  | Yara's Violent Unravelling to your library.
 37798 | Spider:1 | Reached XP level 17. HP: 136/149 MP: 17/17
 38557 | Elf:1    | Entered Level 1 of the Elven Halls
 39154 | Elf:1    | Found an ancient bone altar of Kikubaaqudgha.
 39216 | Elf:1    | You pick up a book of Conjurations {@e2} and begin
                  | reading...
 39216 | Elf:1    | You add the spells Magic Dart, Searing Ray and Fulminant
                  | Prism to your library.
 39472 | Elf:1    | You add the spells Cigotuvi's Dreadful Rot and Animate Dead
                  | to your library.
 39472 | Elf:1    | Got the Octavo of Necromancy
 39644 | Elf:2    | Reached skill level 18 in Unarmed Combat
 39795 | Elf:2    | You add the spells Gell's Gravitas, Teleport Other and
                  | Dispersal to your library.
 39816 | Elf:2    | Found Urphedd's Magic Scroll Shop.
 39821 | Elf:2    | Found Casokal's Assorted Antiques.
 39850 | Elf:2    | Bought a scroll of enchant armour for 90 gold pieces
 39855 | Elf:2    | Bought a potion of heal wounds for 115 gold pieces
 39855 | Elf:2    | Bought a flickering copper amulet for 115 gold pieces
 39855 | Elf:2    | Identified the amulet of Wishful Thinking {Spirit Harm
                  | rPois rF++ rC-} (You bought it in a shop on level 2 of the
                  | Elven Halls)
 40075 | Elf:2    | Found a runed translucent gate.
 40166 | Elf:2    | Found a runed translucent gate.
 40166 | Elf:2    | Found a runed translucent gate.
 40178 | Elf:2    | Found a portal to a secret trove of treasure.
 40280 | Elf:2    | This trove requires the presence of the abyssal rune of Zot
                  | to function. Show it the item?
 40411 | Elf:2    | Found Zugemmey's Book Emporium.
 40660 | Elf:2    | Noticed a deep elf blademaster
 40698 | Elf:3    | Entered Level 3 of the Elven Halls
 40800 | Elf:3    | Found a flickering gateway to a bazaar.
 40808 | Bazaar   | Entered a bazaar
 40808 | Bazaar   | Found Tocaddell's Weapon Boutique.
 40808 | Bazaar   | Found Salecsod's Weapon Shop.
 40808 | Bazaar   | Found Doasair's Armour Shop.
 40829 | Bazaar   | Bought a +0 pair of boots of rampaging for 138 gold pieces
 40868 | Elf:3    | Noticed Donald
 40888 | Elf:3    | Killed Donald
 41477 | Elf:3    | Reached skill level 19 in Unarmed Combat
 41963 | Elf:3    | Noticed a Brimstone Fiend
 41970 | Elf:3    | Noticed a Hell Sentinel
 42135 | Elf:3    | Noticed a deep elf master archer
 42475 | Elf:3    | Noticed a deep elf master archer
 42484 | Elf:3    | Killed a deep elf master archer
 42511 | Elf:3    | Reached skill level 20 in Unarmed Combat
 42516 | Elf:3    | HP: 33/149 [deep elf master archer/arrow (23)]
 42517 | Elf:3    | Killed a deep elf master archer
 42525 | Elf:3    | Identified the ring "Deteik" {rN++ Will+}
 42531 | Elf:3    | Identified the ring of Wuill {rF+ AC+4 Slay+2 Stlth+}
 42746 | Elf:3    | Noticed a deep elf blademaster
 42752 | Elf:3    | Killed a deep elf blademaster
 42802 | Elf:3    | Noticed a deep elf master archer
 42808 | Elf:3    | Noticed a deep elf blademaster
 43115 | Elf:3    | Reached XP level 18. HP: 96/157 MP: 18/18
 43283 | Elf:3    | HP: 37/153 [deep elf sorcerer/+4 morningstar of draining
                  | (5)]
 43289 | Elf:3    | HP: 8/152 [deep elf sorcerer/damnation (32)]
 43290 | Elf:3    | Killed from afar by a deep elf sorcerer

Vanquished Creatures
  A tentacled monstrosity (Swamp:2)
  3 deep elf master archers (Elf:3)
  Frances (Spider:1)
  A deep elf blademaster (Elf:3)
  A storm dragon (D:15)
  Agnes (D:15)
  Donald (Elf:3)
  An azure jelly (Lair:4)
  An emperor scorpion (Spider:1)
  2 fire giants (D:15)
  4 deep elf sorcerers (Elf:3)
  5 deep elf elementalists (Elf:3)
  An orc warlord (D:9)
  A quicksilver ooze (Slime:1)
  A deep elf demonologist (Elf:3)
  Azrael (D:14)
  6 deep elf annihilators (Elf:3)
  5 eleionomae
  3 bunyips (Swamp:1)
  The ghost of p0werm0de the Blocker, a journeyman MiFi of Cheibriados (Orc:1)
  4 deep elf death magi
  4 fire dragons
  A deep elf high priest (Elf:3)
  2 ogre magi
  An ice dragon (D:15)
  16 hydras
  4 ghost crabs
  A centaur warrior (D:15)
  13 two-headed ogres
  5 boulder beetles
  14 dancing weapons
  A death knight (D:12)
  A death scarab (Spider:1)
  4 tengu warriors
  8 alligators
  3 orc high priests (Orc:2)
  5 deep elf knights
  A skyshark (Lair:5)
  A skeletal warrior (D:13)
  A spriggan druid (Swamp:4)
  A sun moth (Lair:2)
  A fire crab (Swamp:4)
  An orb spider (Lair:2)
  11 goliath frogs
  A storm dragon skeleton (D:15)
  4 deep elf archers
  3 bog bodies
  11 swamp dragons
  2 steelbarb worms (Spider:1)
  18 deep elf zephyrmancers
  3 necromancers
  A wizard (D:13)
  3 lindwurms
  A phantasmal warrior (D:15)
  3 wolf spiders (Spider:1)
  18 deep elf pyromancers
  7 orc knights
  6 ugly things
  6 cyclopes
  8 orc sorcerers
  A shining eye (shapeshifter) (Elf:2)
  5 will-o-the-wisps
  2 manticores
  9 elephants
  4 black mambas
  A storm dragon simulacrum (D:15)
  2 demonic crawlers (Spider:1)
  3 torpor snails
  A gargoyle (D:11)
  An unseen horror (shapeshifter) (Elf:3)
  20 cane toads
  A yaktaur (D:15)
  2 efreet
  6 komodo dragons
  2 kobold demonologists (D:11)
  3 freezing wraiths (D:13)
  2 rime drakes
  A tengu conjurer (D:14)
  A troll (shapeshifter) (D:13)
  6 trolls
  2 tarantellas (Spider:1)
  3 meliai (Spider:1)
  7 polar bears (Lair:1)
  9 hornets
  16 blink frogs
  7 tyrant leeches
  A harpy skeleton (D:15)
  9 jumping spiders
  3 culicivoras (Spider:1)
  21 slime creatures
  9 spriggans
  Sigmund (D:5)
  2 air elementals (Elf:3)
  3 water elementals
  2 vampires
  60 yaks
  2 wraiths
  5 wyverns
  Grum (D:8)
  5 steam dragons
  5 fire elementals
  6 basilisks
  23 vampire mosquitoes
  A redback simulacrum (D:15)
  14 redbacks (Spider:1)
  Menkaure (D:6)
  A large abomination (Elf:1)
  2 wargs
  An acid dragon (D:9)
  14 swamp worms
  14 water moccasins
  2 hell hounds (D:14)
  2 sky beasts
  5 swamp drakes
  2 ice beasts (D:7)
  31 orc warriors
  10 black bears
  10 ogres
  3 wolves (D:8)
  8 centaurs
  A phantom (D:6)
  3 kobold brigands
  2 elf zombies (Elf:1)
  17 bullfrogs
  An earth elemental (Elf:3)
  A gnoll sergeant (D:12)
  5 scorpions
  A hornet simulacrum (D:15)
  9 killer bees
  2 howler monkeys (D:12)
  2 electric eels
  5 hounds
  2 jellies
  Crazy Yiuf (D:5)
  22 orc priests
  6 iguanas
  2 sleepcaps (D:5)
  31 orc wizards
  8 mummies (Ossuary)
  14 adders
  4 gnolls (D:12)
  A shadow imp (D:3)
  5 white imps
  An ufetubus (D:5)
  3 dart slugs
  62 orcs
  4 endoplasms
  4 giant cockroaches
  A gnoll zombie (Ossuary)
  10 goblins
  11 hobgoblins
  9 jackals
  15 kobolds
  5 quokkas
  5 ball pythons
  4 bats
  4 frilled lizards
  2 goblin zombies (D:5)
  3 hobgoblin zombies (Ossuary)
  2 kobold zombies (Ossuary)
  2 orc zombies (Ossuary)
  3 rats
931 creatures vanquished.

Vanquished Creatures (collateral kills)
  An iron troll (D:13)
  A steelbarb worm (shapeshifter) (D:13)
  A vampire mosquito (D:13)
3 creatures vanquished.

Vanquished Creatures (others)
  2 bloated husks
  2 hell hounds (D:14)
  4 swamp drakes (Swamp:4)
  44 foxfires
  42 fungi
  142 plants
  2 spectral weapons
238 creatures vanquished.

Grand Total: 1172 creatures vanquished

Table legend:
 A = Non-vault XP
 B = Vault XP
 C = Vault XP percentage of total XP
 D = Non-vault monster count
 E = Vault monster count
 F = Vault count percentage of total count
                 A         B        C        D         E       F
            +---------+---------+-------+---------+---------+-------
      Total |  194702 |   97144 |  33.3 |     694 |     242 |  25.9
            +---------+---------+-------+---------+---------+-------
        D:1 |      45 |       0 |   0.0 |      24 |       0 |   0.0
        D:2 |      59 |       0 |   0.0 |      21 |       0 |   0.0
        D:3 |     262 |       0 |   0.0 |      16 |       0 |   0.0
        D:4 |      82 |       0 |   0.0 |      16 |       0 |   0.0
        D:5 |     754 |     266 |  26.1 |      20 |       4 |  16.7
        D:6 |     733 |     403 |  35.5 |      20 |       9 |  31.0
        D:7 |     865 |       0 |   0.0 |      11 |       0 |   0.0
        D:8 |    2734 |    2852 |  51.1 |      23 |      18 |  43.9
        D:9 |    5772 |    1978 |  25.5 |      36 |      23 |  39.0
       D:10 |    3309 |       0 |   0.0 |      16 |       0 |   0.0
       D:11 |    4442 |       0 |   0.0 |      27 |       0 |   0.0
       D:12 |    7410 |       0 |   0.0 |      24 |       0 |   0.0
       D:13 |   12729 |    3090 |  19.5 |      26 |       5 |  16.1
       D:14 |    3030 |    2082 |  40.7 |       7 |       7 |  50.0
       D:15 |   13730 |    7461 |  35.2 |      31 |       7 |  18.4
     Lair:1 |    5339 |    3024 |  36.2 |      26 |      15 |  36.6
     Lair:2 |    6833 |    1686 |  19.8 |      24 |       6 |  20.0
     Lair:3 |    3328 |       0 |   0.0 |       8 |       0 |   0.0
     Lair:4 |    9611 |     534 |   5.3 |      26 |       2 |   7.1
     Lair:5 |    4231 |   11573 |  73.2 |      17 |      36 |  67.9
    Swamp:1 |   15654 |       0 |   0.0 |      31 |       0 |   0.0
    Swamp:2 |    5859 |       0 |   0.0 |      10 |       0 |   0.0
    Swamp:3 |   13765 |    3607 |  20.8 |      29 |       8 |  21.6
    Swamp:4 |   14216 |   11256 |  44.2 |      22 |      20 |  47.6
   Spider:1 |   12944 |    1540 |  10.6 |      40 |       1 |   2.4
    Slime:1 |    4769 |       0 |   0.0 |      16 |       0 |   0.0
    Slime:2 |     472 |       0 |   0.0 |       2 |       0 |   0.0
      Orc:1 |    1666 |    2033 |  55.0 |      32 |       3 |   8.6
      Orc:2 |    4440 |    7084 |  61.5 |      35 |      23 |  39.7
      Elf:1 |    2889 |    5307 |  64.8 |       4 |      11 |  73.3
      Elf:2 |   14205 |    1662 |  10.5 |      22 |       2 |   8.3
      Elf:3 |   18525 |   29550 |  61.5 |      32 |      26 |  44.8
    Ossuary |       0 |     156 | 100.0 |       0 |      16 | 100.0
            +---------+---------+-------+---------+---------+-------

Skill      XL: |  1  2  3  4  5  6  7  8  9 10 11 12 13 14 15 16 17 |
---------------+----------------------------------------------------+-----
Unarmed Combat | 3 4 5 9 12 13 15 17 20 | 20.2
Fighting       | 4 5 6 7 10 12 13 | 13.1
Armour         | 2 4 6 7 9 |  9.1
Dodging        | 4 5 7 10 | 10.0
Shields        | 3 5 12 14 | 14.0
Evocations     | 8 |  8.0

Action                     |  1- 3 |  4- 6 |  7- 9 | 10-12 | 13-15 | 16-18 || total
---------------------------+-------+-------+-------+-------+-------+-------++-------
  Melee: Unarmed           |   119 |    10 |       |   911 |  1784 |  1405 ||  4229
         Tailslap          |    15 |    16 |    69 |   205 |   374 |   271 ||   950
         Short sword       |       |    85 |   329 |    18 |       |       ||   432
         Punch             |       |       |       |    80 |       |       ||    80
  Evoke: Wand              |       |       |     3 |     2 |     9 |     5 ||    19
         Box of beasts     |       |       |       |       |     4 |     3 ||     7
         Condenser vane    |       |       |       |       |     3 |     2 ||     5
         Phial of floods   |       |       |       |       |     2 |     1 ||     3
    Use: Scroll            |       |       |    11 |    15 |     7 |    15 ||    48
         Potion            |       |       |       |       |     4 |     7 ||    11
   Stab: Distracted        |       |     1 |     7 |       |     2 |       ||    10
         Confused          |       |       |       |       |     1 |     1 ||     2
 Armour: Robe              |    33 |       |       |       |       |       ||    33
         Scale mail        |    14 |    41 |   125 |   339 |   293 |       ||   812
         Chain mail        |       |       |       |       |    30 |       ||    30
         Ice dragon scales |       |       |       |       |   105 |   462 ||   567
  Dodge: Dodged            |    58 |    52 |   189 |   560 |   790 |   675 ||  2324
  Block: Orb               |       |       |    54 |     4 |       |       ||    58
         Reflection        |       |       |     2 |     2 |    30 |    11 ||    45
         Other             |       |       |       |   184 |       |       ||   184
         Buckler           |       |       |       |     7 |   473 |       ||   480
         Kite shield       |       |       |       |       |   479 |  1305 ||  1784

Illustrated notes

Table legend:
 A = Kills in this place as a percentage of kills in the entire game.
 B = Kills by you in this place as a percentage of kills by you in the entire game.
 C = Kills by friends in this place as a percentage of kills by friends in the entire game.
 D = Other kills in this place as a percentage of other kills in the entire game.
 E = Experience gained in this place as a percentage of experience gained in the entire game.
 F = Experience gained in this place divided by the number of levels of this place that you have seen.
                   A       B       C       D       E      F
               +-------+-------+-------+-------+-------+----------------------
         Total | 100.0 | 100.0 | 100.0 | 100.0 | 100.0 | 8338.5
       Dungeon |  41.8 |  41.7 | 100.0 |   0.0 |  25.4 | 4939.2
          Lair |  17.1 |  17.2 |   0.0 |   0.0 |  15.8 | 9231.8
         Swamp |  12.8 |  12.7 |   0.0 | 100.0 |  22.1 | 16089.2
   Spider Nest |   4.4 |   4.4 |   0.0 |   0.0 |   5.0 | 14484.0
    Slime Pits |   1.9 |   1.9 |   0.0 |   0.0 |   1.8 | 2620.5
  Orcish Mines |   9.9 |  10.0 |   0.0 |   0.0 |   5.2 | 7611.5
   Elven Halls |  10.4 |  10.4 |   0.0 |   0.0 |  24.7 | 24046.0
       Ossuary |   1.7 |   1.7 |   0.0 |   0.0 |   0.1 | 156.0
               +-------+-------+-------+-------+-------+----------------------

Table legend: (Time is in decaauts)
 A = Elapsed time spent in this place.
 B = Non-inter-level travel time spent in this place.
 C = Inter-level travel time spent in this place.
 D = Time resting spent in this place.
 E = Time spent auto-exploring this place.
 F = Levels seen in this place.
 G = Mean time per level.
                   A        B        C        D        E       F      G
               +--------+--------+--------+--------+--------+-----+--------+
         Total |  42495 |  40284 |   2211 |  10671 |  21750 |  35 | 1214.1 |
       Dungeon |  18845 |  17687 |   1158 |   3820 |  10754 |  15 | 1256.3 |
        Temple |     52 |     37 |     15 |      0 |      5 |   1 |   52.0 |
          Lair |   9038 |   8482 |    556 |   2749 |   4245 |   5 | 1807.6 |
         Swamp |   5101 |   4960 |    141 |   1685 |   2236 |   4 | 1275.2 |
   Spider Nest |   1640 |   1630 |     10 |    369 |    846 |   1 | 1640.0 |
    Slime Pits |    193 |    193 |      0 |     40 |      0 |   2 |   96.5 |
  Orcish Mines |   2715 |   2446 |    269 |    611 |   1269 |   2 | 1357.5 |
   Elven Halls |   4558 |   4498 |     60 |   1332 |   2246 |   3 | 1519.3 |
        Bazaar |     39 |     39 |      0 |      0 |      0 |   1 |   39.0 |
       Ossuary |    308 |    308 |      0 |     64 |    149 |   1 |  308.0 |
               +--------+--------+--------+--------+--------+-----+--------+

Top non-repeatable levels by time:
   Elf:3: 2416 daAuts
  Lair:2: 2299 daAuts
  Lair:4: 2146 daAuts
    D:15: 2065 daAuts
     D:8: 1967 daAuts
  Lair:1: 1941 daAuts
     D:9: 1847 daAuts
  Lair:5: 1647 daAuts
 Swamp:3: 1644 daAuts
Spider:1: 1640 daAuts
    D:13: 1553 daAuts
 Swamp:4: 1467 daAuts
   Orc:2: 1446 daAuts
     D:5: 1400 daAuts
    D:10: 1392 daAuts
